AoeStats
← catchchez

Four Lakes

507058595Analyzed
1v1 RM · 17d ago on Sep 16, 2026· 32m 17s· 2 players
Game mode
Random Map
Map size
Tiny (2 player)
Population
200
Speed
Normal
Resources
Standard
Victory
Conquest
Starting age
Dark Age
Ending age
Imperial Age
RankedLock teamsTeams togetherTeam positionsShared explorationLock speedFull tech treeHidden civsTurbo modeCheats
Victory
Defeat
🇨🇿 Poles · Czechia
725
+15
🇮🇳 Britons · India
704
-15
catchchez
1:54 Loom
11:08 Feudal Age
12:13 Double-Bit Axe
19:32 Castle Age
18:13 Fletching
19:47 Crossbowman
21:37 Bow Saw
25:48 Ballistics
27:16 Bodkin Arrow
28:34 Heated Shot
jirka.crha
12:04 Feudal Age
17:52 Double-Bit Axe
17:52 Horse Collar
22:30 Castle Age
21:32 Gold Mining
21:33 Stone Mining
25:42 Bow Saw
25:37 Heavy Plow
26:23 Husbandry
26:37 Scale Barding Armor
26:44 Forging
28:16 Bloodlines
27:28 Light Cavalry
28:35 Chain Barding Armor
28:52 Iron Casting
Connection lost

Rejoining the realm…

Still unreachable

The connection could not be restored.

Session expired

The server has moved on; the page needs a fresh start.